Construct Section Command Post
Construct Platoon Command Post
Selects Heavy Armor Battlegroup
Selects Rigorous Vehicle Training
6-pounder Anti-tank Gun Team
Construct Field Infirmary
Selects Crusader AA Medium Tank
6-pounder Anti-tank Gun Team
6-pounder Anti-tank Gun Team
Construct Company Command Post
Selects Churchill Black Prince Heavy Tank
Churchill Black Prince Heavy Tank